[Event "*** Titled Tuesday 3|2 Blitz"]
[Site "Chess.com"]
[Date "2016.10.04"]
[Round "5"]
[White "Paralinch"]
[Black "hardingstoptry"]
[Result "1-0"]
[WhiteElo "2610"]
[BlackElo "2471"]
[TimeControl "180+2"]
[EndTime "18:04:46 PDT"]
[Termination "Paralinch won on time"]

1. e4 e6 2. d4 d5 3. exd5 exd5 4.
Nf3 Nf6 5. Bg5 Be7 6. Bd3 Nbd7 7. O-O h6 8. Bf4 c5 9. c3 O-O 10. Nbd2 Nh5 11. Be3 Nhf6 12. h3 b6 13. Ne5 Qc7 14.
Ndf3 Bd6 15. Re1 Bb7 16. Bc2 Rae8 17. Nxd7 Qxd7 18. dxc5 bxc5 19. Ba4 Bc6 20. Bxc6 Qxc6 21. Qc2 Ne4 22. Rad1 f5 23. Bc1 Bb8 24. Qd3 Rd8 25. g3 Rf6 26. Nh4 Rdd6 27. Bf4 Rd8 28. Bxb8 Rxb8 29. b3 g6 30. Qxd5+ Qxd5 31. Rxd5 c4 32.
Rd7 cxb3 33. axb3 Rxb3 34. Rxa7 Rxc3 35. Rb1 Rf7 36. Rxf7 Kxf7 37. Rb7+ Ke8 38. Nxg6 Rc1+ 39. Kg2 Rc2 40. g4 1-0

[Event "*** Titled Tuesday 3|2 Blitz"]
[Site "Chess.com"]
[Date "2016.10.04"]
[Round "5"]
[White "jcibarra"]
[Black "michaelk123"]
[Result "1-0"]
[WhiteElo "2677"]
[BlackElo "2237"]
[TimeControl "180+2"]
[EndTime "18:04:47 PDT"]
[Termination "jcibarra won by resignation"]

1. e4 c5 2. Nf3 e6 3. d4 cxd4 4.
Nxd4 Nc6 5. Nc3 Qc7 6. g3 a6 7.
Bg2 Nf6 8. O-O Nxd4 9. Qxd4 Bc5 10. Bf4 d6 11. Qd2 h6 12. Rad1 e5 13. Be3 Be6 14.
Bxc5 dxc5 15. Nd5 Bxd5 16. exd5 Qd6 17. f4 O-O 18. fxe5 Qxe5 19. d6 Qxb2 20. c4 Qxd2 21. Rxd2 Rab8 22. a4 Rfd8 23. Rb1 Rd7 24. Bc6 Rdd8 25.
Rxb7 Rxb7 26. Bxb7 a5 27. Bc6 Kf8 28. Kf2 Ne8 29. d7 Nf6 30. Rb2 Nxd7 31. Rb5 Ne5 32. Bd5 Ng4+ 33. Kg1 Ne3 34. Rxc5 Nxd5 35. cxd5 Ra8 36.
Kf2 Ke7 37. Rc7+ Kf6 38. Ke3 Rb8 39. Rc5 Rb3+ 40. Kd4 Rb4+ 41. Rc4 Rb2 42. h4 Rb3 43. g4 h5 44. g5+ Kf5 45. Kc5 Rg3 46. d6 Rd3 47. Kc6 Ke6 48. Re4+ Kf5 49. Re7 f6 50. Rxg7 fxg5 51. Rxg5+ Ke6 52. Rg6+ Kf7 53. Rh6 Rd4 54.
d7 Ke7 55. Rh7+ Kd8 56. Rh8+ Ke7 57. Re8+ 1-0

[Event "*** Titled Tuesday 3|2 Blitz"]
[Site "Chess.com"]
[Date "2016.10.04"]
[Round "5"]
[White "Tarlev_Konstantin"]
[Black "GulamaliRises"]
[Result "1/2-1/2"]
[WhiteElo "2576"]
[BlackElo "2490"]
[TimeControl "180+2"]
[EndTime "18:04:48 PDT"]
[Termination "Game drawn by repetition"]

1. d4 d5 2. c4 dxc4 3. Nf3 Nf6 4.
e3 e6 5. Bxc4 a6 6. O-O b5 7.
Be2 Bb7 8. a4 b4 9. b3 Nbd7 10.
Nbd2 c5 11. Bb2 Be7 12. Rc1 O-O 13. dxc5 Nxc5 14. Bxf6 gxf6 15. Rc4 a5 16. Nd4 Bd5 17. Rc1 Rc8 18. Bf3 f5 19. Bxd5 Qxd5 20. Rc4 Nd7 21. Qe2 Ne5 22. Rxc8 Rxc8 23. Qa6 Rc3 24. Nb1 Rd3 25. Rc1 f4 26. exf4 Qxd4 27. fxe5 Rxb3 28. Qxa5 Rd3 29. Qb5 Bc5 30. Rf1 Rd1 31. Qe2 Rxf1+ 32. Kxf1 b3 33. Qd2 Qc4+ 34. Ke1 Qxa4 35. Nc3 Qa1+ 36.
Ke2 b2 37. Qd8+ Kg7 38. Qg5+ Kf8 39. Qd8+ Kg7 40. Qg5+ Kf8 41. Qd8+ Kg7 42. Qg5+ Kf8 43. Qd8+ 1/2-1/2

[Event "*** Titled Tuesday 3|2 Blitz"]
[Site "Chess.com"]
[Date "2016.10.04"]
[Round "5"]
[White "ka1ser64"]
[Black "FearlessKing64"]
[Result "0-1"]
[WhiteElo "2230"]
[BlackElo "2196"]
[TimeControl "180+2"]
[EndTime "18:04:54 PDT"]
[Termination "FearlessKing64 won on time"]

1. d4 Nf6 2. c4 g6 3. Nc3 d5 4.
Nf3 Bg7 5. Bf4 O-O 6. e3 c5 7.
dxc5 Qa5 8. Qa4 Qxa4 9. Nxa4 dxc4 10. Bxc4 Ne4 11. Be5 Bd7 12. Bxg7 Kxg7 13. Bd5 Bxa4 14. Bxe4 Bc6 15. Bxc6 Nxc6 16. Ke2 Rac8 17. Rac1 a5 18. b3 Nb4 19. a3 Na6 20. Rc4 Rxc5 21. Rxc5 Nxc5 22.
b4 axb4 23. axb4 Ne6 24. Rc1 Ra8 25. Rc2 Ra4 26. Rb2 Kf6 27. Kd3 b5 28. Ke4 Nc7 29.
Ne5 Na6 30. Nd3 Ke6 31. Kd4 Kd6 32. e4 e5+ 33. Ke3 Ra3 34. Ke2 Ra4 35. Rd2 Ke6 36. Rb2 f6 37. Nc5+ Nxc5 38. bxc5 b4 39. Kd3 Kd7 40. Kc4 b3+ 41. Kd3 Rb4 42. Kc3 Rb5 43. Kc4 Kc6 44. Rxb3 Rxc5+ 45. Kd3 Ra5 46. Ke3 Rb5 47. Rd3 h5 48. h4 Rb4 49. f3 Rb2 0-1

[Event "*** Titled Tuesday 3|2 Blitz"]
[Site "Chess.com"]
[Date "2016.10.04"]
[Round "5"]
[White "ShimanovAlex"]
[Black "BillieKimbah"]
[Result "1-0"]
[WhiteElo "2604"]
[BlackElo "2518"]
[TimeControl "180+2"]
[EndTime "18:05:01 PDT"]
[Termination "ShimanovAlex won by resignation"]

1. e4 c5 2. Nf3 e6 3. d4 cxd4 4. Nxd4 Nc6 5. Nc3 Qc7 6. Be3 a6 7. Qf3 Nf6 8. O-O-O d6 9. Nxc6 Qxc6 10. Bd3 b5 11. Kb1 Bb7 12. Rhe1 b4 13. Ne2 Nxe4 14. Nd4 Qd5 15. Bf4 Nc5 16. Nxe6 Nxe6 17. Be4 Qxe4 18.
Rxe4 Be7 19. Bxd6 Bxd6 20. Rxe6+ fxe6 21. Qxb7 Rd8 22. Qxg7 Rf8 23. Qxh7 Rxf2 24. Qh8+ Rf8 25. Qh5+ Ke7 26. Qg5+ Ke8 27. h4 Rd7 28. h5 Be7 29.
Qg6+ Kd8 30. Rxd7+ Kxd7 31. Qd3+ Ke8 32. h6 Rf5 33. c4 bxc3 34. Qxc3 Bf6 35. Qc8+ Kf7 36.
Qd7+ Kg6 37. Qe8+ Kxh6 38. Qxe6 Rf1+ 39. Kc2 Kg7 40. b4 Rf2+ 41. Kd3 Rxg2 42. Qxa6 Rb2 43. b5 Kf7 44. a4 Ke7 45. Qb7+ Kd8 46. b6 Be7 47. Qc7+ Ke8 48. b7 1-0

[Event "*** Titled Tuesday 3|2 Blitz"]
[Site "Chess.com"]
[Date "2016.10.04"]
[Round "5"]
[White "minnesotachessmaster"]
[Black "SwiftyMcBishop"]
[Result "0-1"]
[WhiteElo "1782"]
[BlackElo "2070"]
[TimeControl "180+2"]
[EndTime "18:05:08 PDT"]
[Termination "SwiftyMcBishop won by resignation"]

1. d4 Nf6 2. Nf3 d5 3. e3 e6 4. Bd3 Bd6 5. O-O Nbd7 6. c4 c6 7. Nc3 O-O 8. e4 dxe4 9. Nxe4 Bc7 10. Bg5 h6 11. Bd2 e5 12. Bc3 Nxe4 13. Bxe4 f5 14. Bc2 e4 15. Ne1 Nf6 16. Qe2 Bxh2+ 17. Kh1 Ng4 18. g3 e3 19. f3 Bxg3 20. fxg4 Qh4+ 21. Kg1 f4 22. Nf3 Qxg4 23. Qg2 Bf2+ 24. Rxf2 exf2+ 25. Kxf2 Qxg2+ 26. Kxg2 g5 27. Kf2 g4 28. Ne5 h5 29. Rh1 Bf5 30. Bb3 g3+ 31. Kf3 Bg4+ 32. Nxg4 hxg4+ 33. Kxg4 g2 34. Rg1 f3 35. Kh3 Kh7 36.
Bc2+ Kh6 37. Bd2+ Kg7 38. d5 cxd5 39. cxd5 Rac8 40. Bc3+ Rxc3 41. bxc3 Kh6 42. Be4 f2 43. Rxg2 f1=Q 0-1

[Event "*** Titled Tuesday 3|2 Blitz"]
[Site "Chess.com"]
[Date "2016.10.04"]
[Round "5"]
[White "elefante33"]
[Black "gmshanmeruga"]
[Result "0-1"]
[WhiteElo "2453"]
[BlackElo "2306"]
[TimeControl "180+2"]
[EndTime "18:05:16 PDT"]
[Termination "gmshanmeruga won by resignation"]

1. e4 e5 2. Nf3 Nc6 3. d4 exd4 4.
Nxd4 Nf6 5. Nc3 Bb4 6. Nxc6 bxc6 7. Bd3 O-O 8. O-O d6 9. Bg5 h6 10. Bh4 Re8 11. Re1 Bb7 12. Qf3 g5 13. Bg3 c5 14. h4 Bxc3 15. bxc3 c4 16. hxg5 hxg5 17. Bxc4 Bxe4 18. Qe3 Nh5 19. Bh2 d5 20. Bb5 Re6 21.
Qd2 g4 22. c4 Qh4 23. cxd5 Rd8 24. Bg3 Nxg3 25. fxg3 Qh5 26. c4 Rh6 27. Rxe4 Qh1+ 28. Kf2 Rf6+ 29. Rf4 Qxa1 30. Qe2 Rxf4+ 31. gxf4 Qd4+ 32.
Kg3 Rd6 33. f5 Qc3+ 34. Kxg4 Rh6 35. Qe8+ Kg7 36. Qe4 Qf6 37. Kf3 a6 38. Bc6 Rh4 39. Qd3 Rd4 40. Qc2 Qh4 41. g3 Qg4+ 42. Kf2 Rxc4 43. Qb2+ f6 44. d6 cxd6 45. Qb7+ Kh6 46. Be4 Qxe4 0-1

[Event "*** Titled Tuesday 3|2 Blitz"]
[Site "Chess.com"]
[Date "2016.10.04"]
[Round "5"]
[White "MattyDPerrine"]
[Black "MaestroASK"]
[Result "1-0"]
[WhiteElo "2264"]
[BlackElo "2442"]
[TimeControl "180+2"]
[EndTime "18:05:18 PDT"]
[Termination "MattyDPerrine won on time"]

1. d4 d6 2. g3 g6 3. Bg2 c6 4.
Nf3 Bg7 5. O-O e5 6. dxe5 dxe5 7. Qxd8+ Kxd8 8. Rd1+ Nd7 9. Ng5 Nh6 10. b3 Kc7 11.
Ba3 Bf8 12. Bb2 Bg7 13. Nd2 Nf8 14. Nc4 f6 15. Ne4 Nf7 16. Ned6 Nxd6 17. Rxd6 Be6 18.
Rad1 Re8 19. Na5 Bc8 20. c4 Ne6 21. b4 Rd8 22. c5 Rhe8 23. Nc4 Bf8 24. Rxd8 Rxd8 25.
Rxd8 Kxd8 26. f4 exf4 27. Bxf6+ Be7 28. Bxe7+ Kxe7 29. Nd6 Kd8 30. Nxc8 Kxc8 31. Bh3 Kd7 32. gxf4 Ke7 33. Bxe6 Kxe6 34. e4 g5 35. fxg5 Ke5 36. Kf2 Kxe4 37. Kg3 a5 38. a3 axb4 39. axb4 Kf5 40.
h4 Kg6 41. Kg4 Kg7 42. h5 Kf7 43. Kf5 Ke7 44. Ke5 Kf7 45. Kd6 1-0

[Event "*** Titled Tuesday 3|2 Blitz"]
[Site "Chess.com"]
[Date "2016.10.04"]
[Round "5"]
[White "rithwik2002"]
[Black "psv98"]
[Result "0-1"]
[WhiteElo "1977"]
[BlackElo "2588"]
[TimeControl "180+2"]
[EndTime "18:05:20 PDT"]
[Termination "psv98 won by resignation"]

1. e4 a6 2. Nc3 b5 3. a3 Bb7 4. Nf3 e6 5. d4 Nf6 6. Bd3 d5 7. e5 Nfd7 8. Ne2 c5 9. c3 Nc6 10. O-O Be7 11. h3 Rc8 12. Nh2 cxd4 13. cxd4 Nb6 14. b3 h5 15. Nf3 g6 16. Be3 Kd7 17. Qd2 Kc7 18. Rfc1 Kb8 19. a4 bxa4 20. bxa4 Nb4 21. Qd1 a5 22. Rxc8+ Qxc8 23. Bb5 Nc4 24. Bg5 Qd8 25. Bxe7 Qxe7 26. Nd2 Rc8 27. Nb3 Bc6 28.
Bxc4 dxc4 29. Nxa5 Bd5 30. Rb1 Ka8 31. Nc3 Rb8 32.
Nxd5 exd5 33. Qf3 Qc7 34. Rxb4 Qxa5 35. Rxb8+ Kxb8 36. Qxf7 c3 37. Qe8+ Kb7 38. Qd7+ Qc7 39. Qb5+ Ka7 40. Qb1 c2 41. Qc1 Qc3 42. Kh2 Qd3 43.
Qb2 Qd1 44. Qb4 c1=Q 45. Qa5+ Kb7 46. Qb5+ Kc7 47. Qa5+ Kb8 48. Qb6+ Kc8 49. Qe6+ Kb7 50. Qxd5+ Qc6 51. Qf7+ Ka6 52. d5 Qdxd5 0-1

[Event "*** Titled Tuesday 3|2 Blitz"]
[Site "Chess.com"]
[Date "2016.10.04"]
[Round "5"]
[White "pKiLz5Rn9b"]
[Black "daro94"]
[Result "0-1"]
[WhiteElo "2524"]
[BlackElo "2680"]
[TimeControl "180+2"]
[EndTime "18:05:36 PDT"]
[Termination "daro94 won by checkmate"]

1. e4 e5 2. Nf3 Nc6 3. Bc4 Bc5 4. c3 Nf6 5. d3 O-O 6. O-O a6 7. h3 d6 8. Nbd2 Be6 9. Bb3 Bxb3 10. axb3 d5 11. b4 Bd6 12. Qe2 Re8 13. Rd1 Ne7 14. Nf1 h6 15. Ng3 c6 16. Nh2 Qd7 17. Qf3 Qe6 18.
Nhf1 Rad8 19. Ne3 Kh7 20. Nef5 Nxf5 21. Nxf5 Bf8 22. Be3 g6 23. Ng3 Bg7 24. Bb6 Rd7 25. Re1 dxe4 26. dxe4 Qb3 27. Qe2 h5 28. Rad1 Bh6 29.
Qf3 Bf4 30. Be3 Bxe3 31. fxe3 Rxd1 32. Rxd1 Kg7 33. Rf1 Qe6 34. Rd1 Qb3 35. Rf1 Qe6 36. Rd1 Re7 37. Rd8 Rd7 38. Rb8 Qd6 39. Rc8 Rd8 40. Rxd8 Qxd8 41. Kf2 h4 42. Nf1 Qd3 43. Kg1 Nxe4 44. Qg4 g5 45. Qf5 f6 46. Qc8 Ng3 47.
Qxb7+ Kg6 48. Nh2 Qd1+ 49. Kf2 Qe2+ 50. Kg1 Qxe3# 0-1

[Event "*** Titled Tuesday 3|2 Blitz"]
[Site "Chess.com"]
[Date "2016.10.04"]
[Round "5"]
[White "chito89"]
[Black "Dr-Bassem"]
[Result "1-0"]
[WhiteElo "2584"]
[BlackElo "2595"]
[TimeControl "180+2"]
[EndTime "18:05:52 PDT"]
[Termination "chito89 won on time"]

1. e4 e5 2. Bc4 Nc6 3. d3 Bc5 4. Nc3 d6 5. Nge2 Na5 6. O-O Nxc4 7.
dxc4 Be6 8. Qd3 Qd7 9. Qg3 f6 10. b3 g5 11. Be3 Bb6 12. Rad1 Qf7 13. c5 Bxc5 14. Bxc5 dxc5 15. Nd5 c6 16. Ne3 Ne7 17. Rd6 Rd8 18. Rfd1 Rxd6 19. Rxd6 Nc8 20. Rd1 Ke7 21. h4 h6 22. Qf3 gxh4 23. Nf5+ Bxf5 24. Qxf5 Nd6 25. Qg4 Rg8 26. Qxh4 Qg6 27. Ng3 Qg4 28. Qxg4 Rxg4 29. Re1 h5 30. Nxh5 Rxe4 31. Rc1 Nf5 32. f3 Re2 33. Kf1 Rxc2 34. Re1 Rxa2 35. g4 Nd4 36. f4 Ke6 37. f5+ Kf7 38. g5 fxg5 39. Rxe5 Nf3 40. Re6 Nd2+ 41. Kg1 Nxb3 42. Rf6+ Ke7 43.
Rh6 Nd4 44. Rh7+ Kd6 45. f6 Ne6 46. Rxb7 a5 47. Ng7 g4 48. Nxe6 Kxe6 49. f7 Ra1+ 50. Kg2 Ra2+ 51. Kg3 Ra3+ 52. Kxg4 Ra4+ 53. Kg5 1-0

[Event "*** Titled Tuesday 3|2 Blitz"]
[Site "Chess.com"]
[Date "2016.10.04"]
[Round "5"]
[White "wonderfultime"]
[Black "GGuseinov"]
[Result "0-1"]
[WhiteElo "2687"]
[BlackElo "2632"]
[TimeControl "180+2"]
[EndTime "18:06:07 PDT"]
[Termination "GGuseinov won on time"]

1. d4 Nf6 2. c4 g6 3. Nc3 Bg7 4. e4 O-O 5. f3 d6 6. Be3 Nc6 7. Nge2 a6 8. Qd2 Bd7 9. Rc1 b5 10. b3 bxc4 11. bxc4 Rb8 12. g3 e5 13. d5 Na5 14. Nb1 Nxc4 15. Rxc4 Rxb1+ 16. Kf2 Nh5 17. Qc2 Rb7 18. Bg2 f5 19. exf5 gxf5 20. f4 Nf6 21.
h3 Qb8 22. a4 Rb2 23. Qc1 Qb3 24. Re1 Qa2 25. Kf1 Ne4 26. Rxc7 Nxg3+ 27. Nxg3 Rxg2 28. Ne2 Qxd5 29. Qc4 Qxc4 30. Rxc4 Rg6 31. Rc7 Bxa4 32. Nc3 Bb5+ 33. Nxb5 axb5 34. Rb7 Rg3 35. fxe5 dxe5 36. Bc5 Rc8 37. Bd6 Re8 38. Rc1 Rxh3 39. Rcc7 Rg3 40.
Rxb5 Rg6 41. Bc5 h5 42. Rb3 f4 43. Rh3 e4 44. Rxh5 e3 45. Ke2 Rg2+ 46. Kf3 e2 47. Bb4 Rg1 0-1

[Event "*** Titled Tuesday 3|2 Blitz"]
[Site "Chess.com"]
[Date "2016.10.04"]
[Round "5"]
[White "Shivagami"]
[Black "3ptdka"]
[Result "0-1"]
[WhiteElo "1892"]
[BlackElo "2058"]
[TimeControl "180+2"]
[EndTime "18:06:29 PDT"]
[Termination "3ptdka won by resignation"]

1. e4 c5 2. f4 Nc6 3. Nf3 g6 4.
Bb5 Nd4 5. Nxd4 cxd4 6. O-O Bg7 7.
c4 a6 8. Ba4 e6 9. d3 Ne7 10.
Nd2 O-O 11. Nf3 Rb8 12. Qe1 b5 13. Bb3 d5 14. cxd5 exd5 15. e5 Bf5 16. Qe2 Qb6 17.
h3 h5 18. Bd2 Rfd8 19. Be1 Be6 20. Bf2 Nf5 21. Rfe1 a5 22. a3 a4 23. Ba2 Rbc8 24.
Nxd4 Nxd4 25. Qe3 Bf8 26. Rac1 Rxc1 27. Rxc1 Bc5 28. Rxc5 Qxc5 29. Qxd4 Qxd4 30. Bxd4 Rc8 31. Bc3 Rc6 32. d4 Rc7 33. Kf2 Rd7 34. Ke3 Bf5 35.
Kd2 Kf8 36. Bb4+ Ke8 37. Bc5 h4 38. Kc3 Be4 39. Kb4 Rb7 40. b3 axb3 41. Bxb3 Bxg2 42. Bd6 Kd7 43. Kc5 Ra7 44. Kxb5 Rb7+ 45. Ka4 Ra7+ 46.
Kb4 Rb7+ 47. Kc3 Ra7 48. Bc5 Rb7 49. Ba4+ Ke6 50. Bc6 Rc7 51. Bb5 Bxh3 52. a4 Bf5 53. Bf1 h3 54. a5 h2 55. Bg2 Be4 56. Bxe4 dxe4 57. Kc4 Rxc5+ 58. Kxc5 h1=Q 59. d5+ Kf5 60. d6 Qc1+ 61. Kd5 Qd2+ 62. Kc6 Qxa5 63. d7 Qa4+ 64.
Kd6 Qd4+ 65. Ke7 Kxf4 66. d8=Q Qxd8+ 67. Kxd8 e3 0-1

[Event "*** Titled Tuesday 3|2 Blitz"]
[Site "Chess.com"]
[Date "2016.10.04"]
[Round "5"]
[White "maciek_92"]
[Black "Iball95"]
[Result "1-0"]
[WhiteElo "2615"]
[BlackElo "2498"]
[TimeControl "180+2"]
[EndTime "18:06:35 PDT"]
[Termination "maciek_92 won by checkmate"]

1. c4 c5 2. Nf3 Nf6 3. d4 cxd4 4. Nxd4 Nc6 5. Nc3 g6 6. e4 d6 7. Be2 Nxd4 8. Qxd4 Bg7 9. Be3 O-O 10. Qd2 a5 11. O-O a4 12. Bd4 Qa5 13. Rfd1 Be6 14. Qe3 Nd7 15. Bxg7 Kxg7 16. Nb5 Rfc8 17. Rac1 Qb4 18.
Qd4+ f6 19. a3 Qc5 20. f4 Qxd4+ 21. Nxd4 Bf7 22. Bg4 Rd8 23. Bxd7 Rxd7 24. e5 Rc7 25. exd6 exd6 26. Nb5 Rxc4 27. Rxc4 Bxc4 28. Nxd6 Bb3 29. Rc1 Rd8 30. Rc7+ Kg8 31. Rc8 Rxc8 32. Nxc8 Kf8 33.
Kf2 Bd5 34. Nb6 Bc6 35. g3 Ke7 36. Ke3 Ke6 37. Nc4 Kf5 38. h3 h5 39. Kd4 h4 40.
Ne3+ Ke6 41. gxh4 f5 42. h5 gxh5 43. h4 Be4 44. Kc5 Bc6 45. Nc2 Be4 46. Nd4+ Kd7 47.
Ne2 Bf3 48. Ng3 Bg4 49. Kd5 b6 50. Ke5 Kc6 51. Nxf5 Kc5 52. Ne3 Be2 53. f5 Kc6 54. Ke6 Bd3 55. f6 Bg6 56. Nc4 Kc5 57. Ne5 Be8 58.
Ke7 b5 59. Kxe8 b4 60. axb4+ Kxb4 61. f7 a3 62. f8=Q+ Kb3 63. Qxa3+ Kc2 64. Qd3+ Kxb2 65.
Nc4+ Ka2 66. Qa3+ Kb1 67. Qb2# 1-0

[Event "*** Titled Tuesday 3|2 Blitz"]
[Site "Chess.com"]
[Date "2016.10.04"]
[Round "5"]
[White "Ar4uha"]
[Black "michaelq2d5"]
[Result "1/2-1/2"]
[WhiteElo "2480"]
[BlackElo "2524"]
[TimeControl "180+2"]
[EndTime "18:06:45 PDT"]
[Termination "Game drawn by agreement"]

1. e4 e5 2. Nf3 Nc6 3. d4 exd4 4.
Nxd4 Bc5 5. Nb3 Bb6 6. Nc3 Nf6 7. Qe2 a5 8. a4 O-O 9. Bg5 d6 10. Nd5 Nd4 11. Qd3 Nxb3 12. cxb3 Re8 13. Bxf6 gxf6 14. O-O-O c6 15. Ne3 Bc5 16. Kb1 Qe7 17. f3 d5 18.
Nf5 Bxf5 19. exf5 Qe5 20. Qc2 Bb4 21. Bd3 Qf4 22. h4 Re3 23. g4 Rae8 24. g5 Rxf3 25.
gxf6 Rf2 26. Qc1 Qxc1+ 27. Rxc1 Re3 28. Rhg1+ Kf8 29. Rc2 Rxc2 30. Kxc2 Bc5 31. Rg7 Bd4 32. Rxh7 Bxf6 33. Kd2 Rh3 34. Be2 Rxb3 35. Bh5 Bxh4 36. Bxf7 Rxb2+ 37. Ke3 Bf6 38. Be6 Rb3+ 39. Kd2 Bd4 40.
Kc2 Rf3 41. Rxb7 Bc5 42. Rc7 d4 43. Rd7 Bb4 44. Rxd4 Rc3+ 45. Kb2 Ke7 46. Rd7+ Kf6 47. Bb3 Kxf5 48. Rd1 Rf3 49. Rc1 c5 50. Rc2 Ke5 51.
Rc4 Rf2+ 52. Rc2 Rf1 53. Rc4 Re1 54. Rc2 Kd4 55. Rc4+ Kd3 56. Rc2 Rg1 57. Rc4 Rg2+ 58. Rc2 Rg4 59. Rh2 Bc3+ 60. Ka2 Bd2 61. Kb2 Bc3+ 62. Ka2 c4 63. Bc2+ Kd4 64. Re2 Rf4 65. Rh2 Rf1 66. Bb1 Rd1 67. Rh4+ Kd5 68. Rh5+ Kd4 69.
Rh4+ Kc5 70. Rh5+ Rd5 71. Rxd5+ Kxd5 72. Bg6 Kd4 73. Kb1 Bb4 74. Kc2 Ke3 75. Bf7 c3 76. Bg8 1/2-1/2

[Event "*** Titled Tuesday 3|2 Blitz"]
[Site "Chess.com"]
[Date "2016.10.04"]
[Round "5"]
[White "NTBT_DHS"]
[Black "iturrizaga"]
[Result "0-1"]
[WhiteElo "2458"]
[BlackElo "2601"]
[TimeControl "180+2"]
[EndTime "18:06:49 PDT"]
[Termination "iturrizaga won by resignation"]

1. d4 Nf6 2. c4 c5 3. d5 b5 4. cxb5 a6 5. bxa6 g6 6. Nc3 Bxa6 7. g3 Bg7 8. Bg2 O-O 9. Nf3 d6 10. O-O Nbd7 11. Rb1 Qa5 12. Bd2 Rfb8 13. b3 Qa3 14. Ne1 Ng4 15. Nc2 Qa5 16. Na4 Qc7 17. h3 Ngf6 18. Re1 h5 19. Qc1 Kh7 20. Nd4 Nxd5 21. Bxd5 Bxd4 22. Bxa8 Rxa8 23. Bc3 Bf6 24. Bxf6 Nxf6 25.
Nc3 Bc8 26. Kg2 d5 27. a4 Bf5 28. e4 Nxe4 29. Nxd5 Qb7 30. Qd1 Rd8 31. Qf3 Rxd5 32.
Rxe4 Rd3 33. Re3 Qxf3+ 34. Rxf3 Rxf3 35. Rc1 Rxb3 36. Rxc5 Be4+ 37. Kf1 Bf3 38. Ke1 Rd3 39. Rc1 Ra3 40. Rc4 Ra2 41. Rd4 e5 42. Rb4 Kg7 43. Rb3 e4 44. Rb4 g5 45. h4 f6 46.
hxg5 fxg5 47. Rd4 Kf6 48. Rb4 h4 49. Rb6+ Kf5 50. gxh4 gxh4 51. Rh6 Kg5 52. Rh8 Re2+ 53.
Kd1 Rxf2+ 54. Kc1 Ra2 55. Rg8+ Kf4 56. Rh8 Rxa4 57. Rxh4+ Ke3 58. Rh7 Kf2 59. Rh2+ Bg2 60. Rh4 Rd4 61. Rf4+ Bf3 62. Kc2 Rd8 63. Rh4 e3 64.
Rh2+ Bg2 65. Rh6 e2 66. Rf6+ Bf3 67. Re6 Rd4 68. Kc3 Re4 0-1

[Event "*** Titled Tuesday 3|2 Blitz"]
[Site "Chess.com"]
[Date "2016.10.04"]
[Round "5"]
[White "bugsbunny444"]
[Black "KNVB"]
[Result "1-0"]
[WhiteElo "2361"]
[BlackElo "2472"]
[TimeControl "180+2"]
[EndTime "18:06:49 PDT"]
[Termination "bugsbunny444 won on time"]

1. Nf3 Nf6 2. c4 c5 3. g3 b6 4. Bg2 Bb7 5. O-O e6 6. b3 Be7 7. Bb2 O-O 8. Nc3 a6 9. e3 d6 10. d4 Qc7 11. Qe2 Nbd7 12. Rfd1 Rfe8 13. a4 cxd4 14.
exd4 d5 15. Rac1 dxc4 16. bxc4 Rac8 17. Ne5 Bxg2 18. Kxg2 Nxe5 19. dxe5 Nd7 20. Ne4 Nxe5 21. a5 Nxc4 22. axb6 Qxb6 23. Bxg7 Kxg7 24. Rxc4 Rxc4 25. Qxc4 Rd8 26. Qc3+ Kg8 27. Ra1 Qd4 28. Qe1 Bb4 29.
Qb1 a5 30. h4 h6 31. Ra2 Qd5 32. f3 Qe5 33. Re2 Kg7 34. Qa2 Qd5 35. Qb2+ Qd4 36. Qc2 Qd3 37. Qa2 Rd5 38. Nf2 Qd4 39. Re4 Qf6 40.
Ng4 Qf5 41. Ne3 Rd2+ 42. Qxd2 Bxd2 43. Nxf5+ exf5 44. Ra4 Bb4 45. f4 Kf6 46. Ra2 Ke6 47. Rc2 Kd5 48. Rc7 a4 49. Rxf7 a3 50. Rxf5+ Kc4 51.
Rf6 a2 52. Ra6 Kb3 53. Rxa2 Kxa2 54. Kf3 Kb3 55. g4 Be1 56. g5 Bxh4 57. gxh6 Bf6 58. Ke4 Kc4 59. Kf5 Bb2 60. Ke6 Kc5 61. h7 Kc6 62. f5 Bh8 63. f6 Kc7 64. f7 Bg7 65. h8=Q 1-0

[Event "*** Titled Tuesday 3|2 Blitz"]
[Site "Chess.com"]
[Date "2016.10.04"]
[Round "5"]
[White "Izoria123"]
[Black "Mornar1951"]
[Result "0-1"]
[WhiteElo "2562"]
[BlackElo "2594"]
[TimeControl "180+2"]
[EndTime "18:06:54 PDT"]
[Termination "Mornar1951 won by resignation"]

1. e4 d5 2. exd5 Nf6 3. Nf3 Bg4 4.
Bb5+ Nbd7 5. h3 Bh5 6. Nc3 a6 7. Be2 Nb6 8. Ne5 Bxe2 9. Qxe2 Nbxd5 10. O-O e6 11. d4 Be7 12. Ne4 Nxe4 13. Qxe4 c6 14.
Qg4 Bf6 15. c4 Ne7 16. Rd1 O-O 17. Bf4 Ng6 18. Bg3 Qe7 19. Nf3 Rfd8 20. Qe4 Rd7 21. Rd3 Rad8 22. Rad1 h6 23. b3 Qa3 24. Qe2 Qe7 25.
Bh2 b5 26. Qc2 Qb4 27. Bg3 a5 28. a4 bxa4 29. bxa4 Rb7 30. d5 cxd5 31. cxd5 exd5 32. Rxd5 Rxd5 33. Rxd5 Qb1+ 34. Qxb1 Rxb1+ 35. Kh2 Bc3 36. Rb5 Ra1 37. Rb8+ Kh7 38. Rb7 f6 39. Rc7 Bb4 40. h4 h5 41. Rb7 Rxa4 42. Rb5 Kh6 43. Bc7 Ne7 44. g3 Kg6 45. Kg2 Nf5 46. Bf4 Ra2 47. Kf1 Bc3 48. Rc5 Ba1 49. Rd5 a4 50. g4 hxg4 51. h5+ Kf7 52. Rxf5 gxf3 53. Kg1 Bd4 54. Be3 Bxe3 55. fxe3 a3 56. Ra5 Kg8 57. Ra7 Kh7 58.
Kf1 Kh6 59. Kg1 Kxh5 0-1

[Event "*** Titled Tuesday 3|2 Blitz"]
[Site "Chess.com"]
[Date "2016.10.04"]
[Round "5"]
[White "gmjoey1"]
[Black "Newlight1"]
[Result "0-1"]
[WhiteElo "2481"]
[BlackElo "2525"]
[TimeControl "180+2"]
[EndTime "18:06:57 PDT"]
[Termination "Newlight1 won by resignation"]

1. e4 c5 2. c3 Nf6 3. e5 Nd5 4. d4 cxd4 5. cxd4 d6 6. Bc4 dxe5 7. dxe5 e6 8. Nf3 Be7 9. O-O O-O 10. Qe2 Bd7 11.
Rd1 Nc6 12. Qe4 Rc8 13. Nc3 Ncb4 14. Nxd5 Nxd5 15. Bxd5 exd5 16. Qxd5 Be6 17. Qxd8 Rfxd8 18. Be3 Rxd1+ 19. Rxd1 Rc2 20. Bd4 h6 21. Bc3 Bc5 22. Nd4 Bxd4 23. Bxd4 Bxa2 24. f3 Bb3 25. Ra1 a6 26.
Bc3 Kf8 27. Ra3 Bd5 28. Ra5 Bc6 29. Ra1 Ke7 30. Rd1 Ke6 31. Rd6+ Kf5 32. Rd4 a5 33.
Rd6 a4 34. Rd3 g5 35. h3 Kf4 36. Kh2 Bb5 37. Rd6 Bf1 38. Rd2 Rxd2 39. Bxd2+ Kxe5 40. h4 gxh4 41. Bxh6 b5 42. Bg5 b4 43. Bd2 a3 44. bxa3 bxa3 45. g3 hxg3+ 46. Kxg3 Kd4 47. Bc1 a2 48. Bb2+ Kd3 49. Kf2 Bh3 50. Ke1 Kc2 51.
Bf6 Kb1 52. Kf2 a1=Q 53. Bxa1 Kxa1 54. Ke3 Be6 55. Kf4 Kb2 56. Ke5 Kc3 57. f4 Kd3 58. f5 Ba2 59. Kf4 Kd4 60. Kg4 Ke5 61. Kg5 Bb1 62.
Kg4 Bxf5+ 63. Kg5 Be6 64. Kh4 f5 65. Kg3 f4+ 66. Kf2 Ke4 67. Ke2 Bg4+ 68. Kf2 f3 69.
Kg1 Ke3 70. Kh2 f2 71. Kg2 Bh3+ 72. Kg3 f1=Q 73. Kh4 Qg2 0-1

[Event "*** Titled Tuesday 3|2 Blitz"]
[Site "Chess.com"]
[Date "2016.10.04"]
[Round "5"]
[White "GasconJR"]
[Black "AdrianaNikolova"]
[Result "1-0"]
[WhiteElo "2281"]
[BlackElo "2242"]
[TimeControl "180+2"]
[EndTime "18:07:36 PDT"]
[Termination "GasconJR won by checkmate"]

1. e4 d5 2. exd5 Qxd5 3. Nc3 Qd8 4. Nf3 Nf6 5. Bc4 a6 6. O-O b5 7. Bb3 c5 8. d3 e6 9. Re1 Be7 10. a4 b4 11. Ne4 Nxe4 12. Rxe4 Bb7 13. Re1 Bd5 14.
Bxd5 Qxd5 15. Nd2 O-O 16. Nc4 Nd7 17. Qe2 Ra7 18. Be3 Bf6 19. Rad1 Ne5 20. Nxe5 Qxe5 21. b3 Qd5 22. Qg4 Rd8 23. Kf1 Rad7 24. f3 Bc3 25.
Re2 f5 26. Qc4 Rc8 27. Qxd5 Rxd5 28. Bf2 Kf7 29. Be1 Be5 30. h3 g5 31. g4 fxg4 32.
hxg4 Bf4 33. Kg2 Be5 34. Bd2 h6 35. Rde1 Bd4 36. Rxe6 Kg7 37. Re7+ Kg8 38. R1e6 Rcd8 39. Rxh6 R8d7 40. Rxd7 Rxd7 41. Rg6+ Kf7 42. Rxg5 Re7 43. Kf1 Kf6 44. Rf5+ Kg6 45. Rg5+ Kf6 46. Rd5 Rh7 47. Kg2 Ke6 48. Rh5 Rf7 49. f4 Kd7 50. Kf3 Re7 51.
f5 Rf7 52. Rh6 a5 53. Ra6 Kc8 54. Rxa5 Rh7 55. Kg2 Rh4 56. Ra8+ Kb7 57. Rg8 Rh7 58. g5 Re7 59. Kf3 Re5 60. f6 Rf5+ 61. Ke4 Rf2 62. Bf4 Re2+ 63. Kf5 Rf2 64. f7 Be3 65. f8=Q Rxf4+ 66. Ke6 Rxf8 67. Rxf8 Bxg5 68. Kd5 Be3 69. Re8 Bf2 70. Re6 Bg1 71. Rc6 Bf2 72. Rxc5 Be1 73. Rb5+ Ka6 74. Kc4 Bd2 75. Rxb4 Be3 76. Rb5 Bf2 77. Kd5 Be3 78. Kc6 Bf2 79.
b4 Be3 80. Ra5# 1-0